 Dungeon Crawl Stone Soup version 0.24-a0-282-g1a68c91 (webtiles) character file.

Game seed: 12170503054386326561

46 MatthieuS the Grave Robber (level 3, -5/20 HPs)
             Began as a Deep Elf Necromancer on May 2, 2019.
             Killed by divine providence
             ... invoked by an orc priest
              (10 damage)
             ... on level 4 of the Dungeon.
             The game lasted 00:04:21 (1691 turns).

MatthieuS the Grave Robber (Deep Elf Necromancer)   Turns: 1691, Time: 00:04:21

Health: -5/20      AC:  4    Str: 10 (11) XL:     3   Next: 44%
Magic:  9/10       EV: 16    Int: 18 (19) God:
Gold:   11         SH:  0    Dex: 13 (15) Spells: 7/9 levels left

rFire    . . .     SeeInvis .   d - +0 dagger
rCold    . . .     Gourm    .   (no shield)
rNeg     . . .     Faith    .   h - +0 robe
rPois    .         Spirit   .   (no helmet)
rElec    .         Reflect  .   (no cloak)
rCorr    .         Harm     .   a - +0 pair of gloves
MR       .....                  j - +0 pair of boots
Stlth    ++........             (no amulet)
HPRegen  0.06/turn              b - +3 ring of evasion
MPRegen  0.12/turn              (no ring)

@: mighty
A: no striking features
a: no special abilities


You were on level 4 of the Dungeon.
You were not hungry.

You visited 1 branch of the dungeon, and saw 3 of its levels.

You collected 11 gold pieces.

Inventory:

Hand Weapons
 d - a +0 dagger (weapon)
   (You took it off a goblin on level 1 of the Dungeon)
Missiles
 c - 24 stones (quivered)
 i - 25 arrows
Armour
 a - a +0 pair of gloves (worn)
   (You found it on level 1 of the Dungeon)
 h - a +0 robe (worn)
   (You found it on level 1 of the Dungeon)
 j - a +0 pair of boots (worn)
   (You found it on level 1 of the Dungeon)
 o - a +0 leather armour
   (You found it on level 2 of the Dungeon)
Jewellery
 b - a +3 ring of evasion (left hand)
   (You found it on level 1 of the Dungeon)
Scrolls
 f - a scroll of remove curse {@r2}
Comestibles
 e - 3 rations
 k - 5 chunks of flesh


   Skills:
 + Level 1.1 Fighting
 - Level 2.4 Dodging
 + Level 3.2 Stealth
 + Level 3.7 Spellcasting
 + Level 5.2 Necromancy


You had 7 spell levels left.
You knew the following spells:

 Your Spells              Type           Power        Failure   Level  Hunger
a - Pain                  Necr           ###.         1%          1    None
z - Animate Skeleton      Necr           N/A          1%          1    None

Your spell library contained the following spells:

 Spells                   Type           Power        Failure   Level  Hunger
 Vampiric Draining        Necr           ###.......   5%          3    ###....
 Regeneration             Chrm/Necr      ##........   16%         3    ###....
 Animate Dead             Necr           N/A          19%         4    ####...


Dungeon Overview and Level Annotations

Branches:
Dungeon (2/15)

Altars:


Message History

You attempt to give life to the dead...
Before your eyes, flesh is ripped from the corpse!
The dead are walking!
k - 3 chunks of flesh (gained 2)
You see here a jackal corpse.
You attempt to give life to the dead...
Before your eyes, flesh is ripped from the corpse!
The dead are walking!
k - 5 chunks of flesh (gained 2)
You swap places.
c - 16 stones (gained 1)
c - 17 stones (gained 1)
c - 18 stones (gained 1)
c - 20 stones (gained 2)
c - 21 stones (gained 1)
c - 22 stones (gained 1)
c - 23 stones (gained 1)
c - 24 stones (gained 1)
You swap places.
f - 2 scrolls labeled VIECOIPAHUKH (gained 1)
Found a scroll labeled MUOSYO OBUURU.
You fall through a shaft for 2 floors!
The shaft crumbles and collapses.
Found 8 tomahawks.
Found a stone staircase leading down.
A worm, 7 orcs and a necrophage come into view.
An orc comes into view. It is wielding a +0 dagger.
The orc shouts!
The orc priest shouts!
The orc shouts!
The orc wizard moves out of view.
The worm moves out of view.
The orc shouts!
You hear a shout!
As you read the scroll labeled VIECOIPAHUKH, it crumbles to dust.
You feel blessed for a moment.
It was a scroll of remove curse.
The orc hits you but does no damage.
As you read the scroll labeled OCSOBE MIKLO, it crumbles to dust.
You feel aware of your surroundings.
You sensed 1 shop/portal.
It was a scroll of magic mapping.
A bullfrog skeleton comes into view.
It was a potion of might.
You feel very mighty all of a sudden.
The orc shouts!
The orc completely misses you. The orc closely misses you.
The orc hits you with a +0 club. The orc hits you with a +0 war axe!
* * * LOW HITPOINT WARNING * * *
The orc misses you. The orc closely misses you. The orc misses you.
The bullfrog skeleton hits you.
* * * LOW HITPOINT WARNING * * *
The orc priest calls down the wrath of Beogh upon you.
Beogh smites you!
Ouch! That really hurt!
You die...

*,,*,,**,,****,,**,,,,,,,,,,,,,**
,,,,,,,,,***#.,**#......,>,,,,**
*,,*,,,,...*#.,##.......,,*,,****
****,,,,...##.##.>......,,**,,,,*
*,,,,,,................,,**,,,,*
**,,,***#..............,,**,,,,,
*,,**###.w............,,,*,,,,,
*,,,,..........Z......,,*,,,,,,
**,,,*#.....oo@.......,,*,,,,,,
**,,,*#.....on......#,,,,,,,,,
**,,,#....oo.o.....#*,**,,,,,
**#........o.....##*,**,,*,,
##.......o....##*,,,,,,**,
##.......##..#*,,,,,,****
##......(,..#,,,***,***,
#............,** *,,**,
#...#........,* **,,,*,


You could see a necrophage, a worm, an orc priest, an orc wizard, 6 orcs and a
bullfrog skeleton.

Vanquished Creatures
  An adder (D:1)
  A worm (D:1)
  2 dart slugs (D:1)
  5 goblins
  4 hobgoblins
  4 jackals
  2 kobolds (D:1)
  A ball python (D:1)
  4 bats
  A frilled lizard (D:2)
  A rat (D:1)
26 creatures vanquished.

Vanquished Creatures (collateral kills)
  A goblin (D:1)
  2 kobolds (D:2)
  A rat (D:2)
4 creatures vanquished.

Grand Total: 30 creatures vanquished

Notes
Turn   | Place    | Note
-------+----------+-------------------------------------------
     0 | D:1      | MatthieuS the Deep Elf Necromancer began the quest for the
                  | Orb.
     0 | D:1      | Reached XP level 1. HP: 10/10 MP: 6/6
   336 | D:1      | Learned a level 1 spell: Animate Skeleton
   486 | D:1      | Reached XP level 2. HP: 14/16 MP: 4/8
   555 | D:1      | Reached skill level 5 in Necromancy
  1072 | D:1      | Reached skill level 1 in Fighting
  1072 | D:1      | Reached XP level 3. HP: 2/20 MP: 0/10
  1684 | D:2      | You fall through a shaft for 2 floors!
  1685 | D:4      | Noticed a necrophage
  1691 | D:4      | Killed from afar by an orc priest

Levels and vault maps discovered:
D:1:      lightli_arrival_statuegarden, layout_basic
D:2:      layout_rooms
D:4:      layout_cave_pools, first_ration, serial_shops, shop

Skill      XL: |  1  2 |
---------------+-------+-----
Necromancy     | 5 |  5.2
Stealth        | 3 |  3.2
Fighting       | 1 |  1.1
Dodging        | |  2.4
Spellcasting   | |  3.7

Action                   || total
-------------------------++-------
Melee: Dagger            ||     6
Throw: Stone             ||     7
 Cast: Pain              ||    52
       Animate Skeleton  ||    11
  Use: Potion            ||     3
       Scroll            ||     2
  Eat: Chunk             ||     2
Armor: Robe              ||     7
Dodge: Dodged            ||    41

Table legend:
 A = Non-vault XP
 B = Vault XP
 C = Vault XP percentage of total XP
 D = Non-vault monster count
 E = Vault monster count
 F = Vault count percentage of total count
                 A         B        C        D         E       F
            +---------+---------+-------+---------+---------+-------
      Total |      66 |       0 |   0.0 |      30 |       0 |   0.0
            +---------+---------+-------+---------+---------+-------
        D:1 |      50 |       0 |   0.0 |      19 |       0 |   0.0
        D:2 |      16 |       0 |   0.0 |      11 |       0 |   0.0
            +---------+---------+-------+---------+---------+-------
